Map: Eternal Empire LE

Players

Ryu

  • Race: Zerg Zerg
  • Spawn Location: 1:00

Kelazhur - Winner!

  • Race: Terran Terran
  • League: Master
  • Spawn Location: 7:00

Event: DreamHack SC2 Masters 2020 Fall

VOD

Have the link to the VOD?

Description

Time

  • Played on: Aug. 26, 2020, 3:44 p.m.
  • Length: 13:11

All games in this series

Show
View Real Time Build Order
Export as new Build Order

Ryu Zerg 

Build Orders: Hatch First 

Get SALT Encoding   

  12  0:02  Drone  
  13  0:12  Overlord  
  13  0:16  Drone  
  14  0:30  Drone x2  
  16  0:49  Hatchery  
  15  0:52  Drone  
  15  0:55  Drone  
  17  0:58  Drone  
  18  1:06  Extractor  
  17  1:15  Spawning Pool  
  17  1:17  Drone  
  17  1:21  Drone  
  18  1:30  Drone  
  19  1:42  Drone  
  20  1:51  Overlord  
  20  2:01  Queen x2  
  20  2:02  Zergling x4  
  20  2:07  Metabolic Boost  
  26  2:12  Drone  
  28  2:15  Drone  
  28  2:25  Drone x2  
  30  2:39  Queen  
  32  2:49  Pneumatized Carapace  
  32  2:56  Hatchery  
  32  2:57  Overlord  
  31  3:00  Drone  
  31  3:02  Drone  
  31  3:04  Drone  
  34  3:11  Drone x2  
  36  3:13  Overlord  
  36  3:16  Drone  
  36  3:19  Drone  
  38  3:21  Drone  
  38  3:24  Drone  
  40  3:28  Drone x2  
  42  3:34  Queen  
  42  3:39  Queen  
  46  3:42  Drone  
  46  3:43  Drone  
  46  3:45  Drone  
  49  3:49  Zergling x2  
  49  3:50  Zergling x2  
  49  3:52  Drone  
  49  3:54  Overlord  
  52  3:57  Overlord  
  52  4:02  Overlord  
  52  4:09  Drone x2  
  54  4:11  Drone x3  
  54  4:14  Lair  
  57  4:18  Zergling x4  
  57  4:23  Drone  
  60  4:24  Drone x3  
  60  4:27  Drone x2  
  60  4:30  Spore Crawler  
  64  4:33  Baneling Nest  
  64  4:35  Spore Crawler  
  62  4:39  Spore Crawler  
  62  4:41  Drone x3  
  62  4:44  Drone x2  
  66  4:48  Zergling x4  
  66  4:51  Queen  
  70  4:56  Drone  
  70  4:57  Drone x2  
  70  4:58  Overlord  
  73  5:01  Extractor x2  
  73  5:05  Overlord  
  73  5:07  Drone x3  
  73  5:08  Overlord  
  73  5:19  Drone  
  73  5:20  Overseer  
  74  5:24  Drone x3  
  74  5:26  Evolution Chamber  
  74  5:27  Evolution Chamber, Zergling x4  
  77  5:31  Centrifical Hooks  
  77  5:39  Drone x3  
  77  5:41  Extractor x2  
  78  5:50  Zergling x4  
  78  5:52  Hatchery  
  78  5:53  Drone x3, Zerg Melee Weapons Level 1  
  78  5:54  Drone x3  
  82  6:04  Zergling x4  
  82  6:05  Zergling x2  
  82  6:06  Baneling x4  
  82  6:11  Drone x4  
  88  6:14  Hatchery  
  88  6:25  Zergling x6  
  91  6:29  Overlord x3  
  89  6:33  Hatchery  
  89  6:35  Overlord x2, Baneling x3  
  89  6:36  Overlord  
  89  6:37  Zergling x2  
  87  6:43  Baneling x2  
  87  6:44  Zergling x18  
  81  6:56  Zergling x6  
  84  7:03  Drone  
  84  7:07  Zergling x4  
  85  7:17  Drone x5  
  85  7:18  Baneling  
  85  7:19  Baneling  
  89  7:24  Overlord  
  89  7:25  Zergling x2  
  89  7:26  Baneling x2  
  89  7:27  Baneling x5  
  89  7:28  Baneling x4  
  90  7:34  Zergling x10  
  89  7:43  Zergling x2  
  89  7:44  Zergling x8  
  82  7:49  Drone x3  
  82  7:50  Zergling x2  
  82  7:51  Zergling x2  
  84  7:56  Zergling x2  
  84  7:57  Zergling x6  
  87  8:00  Queen  
  87  8:04  Queen x2  
  89  8:08  Drone x6  
  89  8:09  Drone x2  
  89  8:11  Baneling x4  
  96  8:18  Baneling x2  
  96  8:19  Zerg Melee Weapons Level 2  
  94  8:20  Zerg Ground Armor Level 1  
  94  8:21  Zergling x8  
  94  8:23  Overseer  
  94  8:24  Baneling x4  
  94  8:25  Baneling  
  94  8:26  Zergling x6  
  101  8:35  Zergling x2  
  101  8:36  Zergling x10  
  104  8:42  Burrow  
  104  8:44  Drone  
  104  8:45  Drone x5  
  110  8:57  Zergling x8  
  110  9:02  Zergling x10  
  115  9:08  Drone x4  
  117  9:15  Overlord x2  
  116  9:17  Zergling x2  
  116  9:18  Zergling x2  
  116  9:24  Zergling x6  
  117  9:27  Infestation Pit  
  117  9:28  Drone  
  119  9:33  Zergling x2, Baneling x4  
  119  9:34  Zergling x8  
  123  9:41  Zergling x10  
  123  9:42  Hatchery  
  127  9:47  Hatchery  
  127  9:48  Infestation Pit  
  118  9:55  Zergling x12  
  119  10:01  Zergling x12  
  125  10:07  Zergling x6  
  125  10:09  Baneling x12  
  125  10:16  Zerg Ground Armor Level 2  
  125  10:18  Zergling x8  
  128  10:23  Zergling x2  
  128  10:32  Zergling x18  
  125  10:37  Drone x2  
  122  10:42  Zergling x2  
  122  10:43  Zergling x2  
  122  10:49  Hive  
  122  10:52  Drone x3  
  122  10:54  Zergling x2  
  122  10:55  Zergling x10  
  127  11:00  Baneling x3  
  127  11:01  Zergling x8  
  131  11:08  Drone x3, Unknown  
  127  11:20  Zergling x2  
  127  11:21  Zergling x14  
  127  11:25  Baneling x3  
  135  11:26  Baneling x3  
  135  11:30  Drone x2  
  137  11:34  Zergling x22  
  138  11:46  Drone  
  131  11:49  Zergling x8  
  131  11:54  Baneling x4  
  126  11:59  Baneling x4  
  126  12:00  Baneling x2  
  126  12:01  Hatchery  
  126  12:02  Viper x2  
  126  12:07  Ultralisk Cavern  
  126  12:08  Drone x3  
  132  12:12  Zergling x6  
  136  12:16  Drone x5  
  136  12:17  Overlord x2  
  136  12:18  Overlord  
  141  12:23  Zergling x6  
  141  12:25  Overseer  
  143  12:31  Baneling x6  
  141  12:40  Zergling x2  
  141  12:41  Zergling x16  
  120  12:45  Baneling x6  
  120  12:46  Zergling x2  
Show
View Real Time Build Order
Export as new Build Order

Kelazhur Terran - Winner!

Build Orders: Reaper Expand, Hellion Banshee 

Get SALT Encoding   

  12  0:00  SCV  
  13  0:12  SCV  
  14  0:17  Supply Depot  
  14  0:24  SCV  
  15  0:38  Barracks, SCV  
  16  0:44  Refinery  
  16  0:50  SCV  
  17  1:02  SCV  
  18  1:14  SCV  
  19  1:27  Orbital Command, Reaper  
  20  1:39  Command Center  
  20  1:47  Supply Depot  
  20  1:52  SCV  
  21  1:59  Marine  
  22  2:04  Factory  
  22  2:06  SCV  
  23  2:11  Refinery  
  23  2:18  SCV  
  23  2:22  Barracks Reactor  
  24  2:30  SCV  
  25  2:42  SCV  
  26  2:51  Orbital Command, Starport  
  25  2:54  SCV  
  26  3:01  Hellion x2  
  30  3:06  SCV  
  30  3:09  Barracks Tech Lab  
  31  3:13  Supply Depot  
  31  3:17  SCV  
  31  3:18  SCV  
  33  3:22  Hellion x2  
  37  3:31  SCV x2  
  39  3:35  Banshee, Cloaking Field  
  39  3:40  Supply Depot  
  42  3:43  SCV x2  
  44  3:50  Hellion x2  
  44  3:55  SCV x2  
  50  4:03  Supply Depot  
  50  4:07  SCV x2  
  52  4:13  Command Center  
  52  4:23  SCV  
  53  4:25  SCV  
  53  4:26  Banshee  
  53  4:27  Hellion x2  
  61  4:31  Supply Depot  
  61  4:35  SCV  
  61  4:37  SCV  
  63  4:40  Barracks Tech Lab  
  63  4:50  SCV x2  
  65  4:58  Barracks  
  65  4:59  Barracks  
  65  5:00  Stimpack, Marine  
  65  5:02  SCV x2  
  65  5:03  Factory Reactor  
  65  5:05  Engineering Bay x2  
  68  5:08  Refinery  
  68  5:10  Refinery  
  68  5:14  SCV x2  
  69  5:18  Marine  
  71  5:26  SCV x2  
  71  5:28  Orbital Command  
  73  5:29  Starport Reactor  
  73  5:33  Terran Infantry Armor Level 1, Terran Infantry Weapons Level 1  
  73  5:36  Marine  
  73  5:38  SCV  
  73  5:40  SCV  
  76  5:46  Barracks x2  
  76  5:47  Marine x2  
  78  5:50  SCV  
  78  5:52  Orbital Command, SCV  
  78  5:53  Marine x2  
  82  5:58  Marine  
  82  6:02  SCV  
  82  6:03  Siege Tank  
  87  6:05  SCV, Marine x2  
  87  6:09  Medivac  
  92  6:11  Marine  
  92  6:15  Medivac, SCV, Marine  
  92  6:17  SCV, Supply Depot  
  92  6:18  Supply Depot  
  98  6:20  SCV  
  98  6:22  Marine x2  
  101  6:35  Supply Depot  
  101  6:37  Armory  
  101  6:38  Marine x3  
  101  6:39  SCV x2, Barracks Reactor x2  
  106  6:40  Combat Shield, SCV  
  95  6:48  Marine x2  
  95  6:51  SCV x2  
  95  6:52  SCV  
  94  7:03  SCV x2  
  94  7:04  SCV  
  94  7:06  Supply Depot, Marine x5  
  94  7:07  Medivac  
  104  7:10  Supply Depot  
  104  7:15  SCV x2  
  106  7:16  SCV  
  107  7:24  Marine x2  
  107  7:27  SCV x2, Marine  
  107  7:28  Supply Depot, Marine x6  
  107  7:29  SCV  
  119  7:30  Terran Infantry Weapons Level 2  
  119  7:35  Terran Infantry Armor Level 2  
  119  7:39  SCV  
  119  7:41  Marine  
  119  7:42  Marine  
  119  7:44  Medivac x2  
  120  7:45  Marine x4  
  120  7:50  Marine  
  125  7:53  SCV  
  115  7:59  Marine  
  115  8:01  Command Center  
  115  8:03  Siege Tank  
  115  8:04  Marine  
  118  8:09  Terran Vehicle And Ship Armor Level 1  
  118  8:10  Refinery  
  118  8:11  Factory  
  118  8:20  Marine  
  119  8:27  Marine  
  119  8:31  Medivac x2  
  119  8:32  Marine x7  
  132  8:34  SCV x3  
  132  8:38  Supply Depot  
  129  8:43  Marine  
  129  8:45  Marine  
  129  8:46  SCV x2  
  129  8:47  Siege Tank  
  132  8:49  Marine  
  132  8:50  Marine x4  
  132  8:52  Marine  
  132  8:53  Marine  
  139  8:58  Drilling Claws  
  139  9:00  SCV x2, Factory Reactor  
  139  9:01  Marine  
  135  9:03  Marine  
  135  9:07  Supply Depot, Marine  
  137  9:13  Marine  
  137  9:14  Marine x2  
  137  9:17  Medivac x2  
  138  9:26  Marine  
  138  9:27  Marine x5  
  138  9:30  SCV x3  
  145  9:31  Marine  
  145  9:32  Thor  
  145  9:37  Marine  
  145  9:38  Marine  
  154  9:42  SCV  
  154  9:44  Marine x4  
  159  9:47  Medivac x2  
  162  10:03  SCV x3  
  162  10:04  Planetary Fortress  
  162  10:05  Marine x3  
  167  10:15  SCV  
  167  10:16  Marine  
  167  10:20  Terran Infantry Armor Level 3, Terran Infantry Weapons Level 3  
  167  10:21  Marine x5  
  168  10:23  SCV x2, Marine x2  
  168  10:25  Barracks, Supply Depot  
  168  10:26  Barracks, Supply Depot  
  173  10:30  Barracks  
  173  10:31  Thor  
  173  10:32  Marine  
  173  10:35  Widow Mine x2  
  171  10:42  Marine  
  164  10:45  Marine x2  
  164  10:47  Marine x5  
  164  10:48  SCV x3  
  173  10:50  Marine  
  173  10:51  Medivac x2  
  174  10:59  Marine  
  174  11:03  Marine x2  
  177  11:04  Marine  
  177  11:05  Marine x4  
  177  11:09  Widow Mine x2  
  186  11:15  Marine  
  186  11:16  Command Center, Unknown  
  186  11:17  Barracks Tech Lab x3  
  187  11:23  Marauder  
  187  11:24  Command Center, Thor  
  195  11:30  Marine  
  196  11:35  Supply Depot, Marine  
  196  11:37  Marine  
  184  11:45  Marine  
  184  11:46  Marauder, Widow Mine x2, Marine  
  180  11:50  Marauder, Marine  
  179  11:55  Marauder x2, Marine  
  179  11:56  Marine x4  
  179  11:57  Concussive Shells  
  188  12:03  Marine  
  188  12:04  Marine  
  188  12:05  Sensor Tower  
  188  12:07  Marine  
  188  12:08  Sensor Tower, Marine  
  192  12:12  Marauder  
  192  12:13  Marine  
  192  12:14  Widow Mine x2, Marine  
  200  12:34  Orbital Command  
  191  12:37  Command Center  
  191  12:39  Marine  
  191  12:40  Marauder x4  
  191  12:41  Widow Mine x2  
  199  12:50  Marine  

Tags
 
Add a new tag
Caveats
  • Supply blocks, unpowered buildings, or Contaminate may cause inaccurate times.
  • Supply counts are checked every 10 seconds.